 Dungeon Crawl Stone Soup version 0.19-a0-1738-gbb2db12 (webtiles) character file.

1241 Naow the Cleaver (level 8, -14/66 HPs)
             Began as a Minotaur Berserker on Oct 1, 2016.
             Was a Priest of Trog.
             Demolished by an ogre
             ... wielding a +0 giant spiked club
              (21 damage)
             ... on level 5 of the Dungeon.
             The game lasted 00:08:25 (5009 turns).

Naow the Cleaver (Minotaur Berserker)               Turns: 5009, Time: 00:08:26

Health: -14/66     AC: 11    Str: 22    XL:     8   Next: 25%
Magic:  7/7        EV:  6    Int:  6    God:    Trog [***...]
Gold:   227        SH:  3    Dex: 10    Spells: 0 memorised, 7 levels left

rFire  . . .     SeeInvis .     a - +0 hand axe
rCold  . . .     Gourm    .     v - +0 plate armour
rNeg   . . .     Faith    .     y - +0 buckler
rPois  .         Spirit   .     (helmet restricted)
rElec  .         Dismiss  .     (no cloak)
rCorr  .         Reflect  .     (no gloves)
MR     .....     Harm     .     (no boots)
Stlth  ..........               (no amulet)
                                (no ring)
                                (no ring)

@: exhausted, slowed, very slow
A: retaliatory headbutt, horns 2
a: Berserk, Trog's Hand, Burn Spellbooks, Renounce Religion


You were on level 5 of the Dungeon.
You worshipped Trog.
Trog was most pleased with you.
You were near starving.

You visited 1 branch of the dungeon, and saw 5 of its levels.

You collected 227 gold pieces.

Inventory:

Hand Weapons
 a - a +0 hand axe (weapon)
Armour
 b - a +0 animal skin
 v - a +0 plate armour (worn)
 y - a +0 buckler (worn)
Jewellery
 m - a cursed amulet of inaccuracy {unknown}
 n - a cursed ring of teleportation {unknown}
 p - an uncursed amulet of regeneration {unknown}
 t - a +5 ring of intelligence {unknown}
Wands
 z - a wand of acid (1/15)
Scrolls
 d - 5 scrolls of recharging {unknown}
 e - 2 scrolls of enchant armour {unknown}
 h - a scroll of immolation {unknown}
 i - 8 scrolls of identify {unknown}
 l - a scroll of blinking {unknown}
 o - 2 scrolls of magic mapping {unknown}
 q - 4 scrolls of remove curse {unknown}
 x - a scroll of amnesia {unknown}
 B - a scroll of random uselessness {unknown}
 C - 3 scrolls of teleportation {unknown}
 H - a scroll of silence {unknown}
Potions
 f - a potion of mutation {unknown}
 j - 2 potions of cure mutation {unknown}
 k - 2 potions of lignification {unknown}
 r - 2 potions of curing {unknown}
 u - 4 potions of agility {unknown}
 w - a potion of might
 D - a potion of brilliance {unknown}
 E - a potion of degeneration {unknown}
 I - a potion of berserk rage {unknown}
Comestibles
 c - 4 bread rations
 g - 2 slices of pizza
 A - 2 beef jerkies
 F - 4 fruits
 G - 2 meat rations


   Skills:
 - Level 3.8 Fighting
 + Level 12.0 Axes
 - Level 2.7 Armour
 - Level 2.2 Dodging


You had 7 spell levels left.
You didn't know any spells.

Dungeon Overview and Level Annotations

Branches:
Dungeon (5/15)             Temple (0/1) D:4

Altars:
Ashenzari
Gozag
Kikubaaqudgha
Makhleb
Uskayaw
Vehumet
Yredelemnul


Innate Abilities, Weirdness & Mutations

You reflexively headbutt those who attack you in melee.
You have a pair of horns on your head.


Message History

You completely miss the ogre.
The ogre hits you with a giant spiked club.
You hit the ogre. You headbutt the ogre!
The ogre is heavily wounded.
The ogre hits you with a giant spiked club!
You hit the ogre. You headbutt the ogre.
The ogre is heavily wounded.
The ogre hits you with a giant spiked club!!
* * * LOW HITPOINT WARNING * * *
You slash the ogre!
The ogre is almost dead.
Your skin stops crawling.
You feel less resistant to hostile enchantments.
You hit the ogre. Your headbutt misses the ogre.
The ogre is almost dead.
The ogre barely misses you.
You barely miss the ogre.
The ogre is almost dead.
The ogre hits you with a giant spiked club!!
You die...

##### # ###... .#
###...###.#### #####
#(.._....!...% #...#
###.....?.#..### #...#
#...............
....###########.@O..††).....#
.................(...††.....).
..............................
...#############...._...#...##
...# ####...###..... ####
....# .### .....# . ......# ..
# .... #


You could see an ogre.

Vanquished Creatures
  The ghost of Deemzul the Slasher, an amateur DsBe of Trog (D:3)
  3 ogres (D:5)
  A centaur (D:5)
  Blork the orc (D:5)
  A howler monkey (D:5)
  A crimson imp (D:5)
  2 orc priests
  An orc wizard (D:4)
  A hound (D:5)
  2 centaur skeletons (D:4)
  An iguana (D:5)
  Natasha (thrice) (D:2)
  5 worker ants
  Terence (D:2)
  A hound zombie (D:5)
  8 adders
  2 oozes (D:4)
  3 worms
  4 dart slugs
  5 leopard geckos
  21 orcs
  A ball python (D:4)
  8 giant cockroaches
  2 gnoll zombies (D:3)
  4 goblins
  4 hobgoblins
  2 jackals (D:3)
  7 kobolds
  4 quokkas
  5 bats
  3 frilled lizards
  A jackal skeleton (D:5)
  A quokka skeleton (D:4)
  6 rats
116 creatures vanquished.

Notes
Turn   | Place    | Note
-------+----------+-------------------------------------------
     0 | D:1      | Naow the Minotaur Berserker began the quest for the Orb.
     0 | D:1      | Reached XP level 1. HP: 19/19 MP: 0/0
   315 | D:1      | Reached XP level 2. HP: 20/27 MP: 1/1
   323 | D:1      | Reached skill level 4 in Axes
  1042 | D:2      | Reached XP level 3. HP: 33/33 MP: 2/2
  1052 | D:2      | Reached skill level 5 in Axes
  1071 | D:2      | Noticed Natasha
  1079 | D:2      | Killed Natasha
  1079 | D:2      | Reached ** piety under Trog
  1079 | D:2      | Reached XP level 4. HP: 21/40 MP: 3/3
  1260 | D:2      | Noticed Natasha
  1267 | D:2      | Killed Natasha
  1267 | D:2      | Reached skill level 6 in Axes
  1578 | D:2      | Noticed Terence
  1583 | D:2      | Killed Terence
  1621 | D:2      | Noticed Natasha
  1631 | D:2      | Killed Natasha
  1631 | D:2      | Reached XP level 5. HP: 42/46 MP: 4/4
  1972 | D:2      | Found a burning altar of Makhleb.
  2115 | D:3      | Reached skill level 7 in Axes
  2849 | D:3      | Found a basalt altar of Yredelemnul.
  2903 | D:3      | Noticed Deemzul's ghost (amateur DsBe)
  2911 | D:3      | Killed Deemzul's ghost
  2911 | D:3      | Reached skill level 8 in Axes
  2911 | D:3      | Reached XP level 6. HP: 52/52 MP: 5/5
  3074 | D:3      | Found a faded altar of an unknown god.
  3248 | D:4      | Found a staircase to the Ecumenical Temple.
  3256 | D:4      | Reached skill level 9 in Axes
  3261 | D:4      | Found a shattered altar of Ashenzari.
  3414 | D:4      | Found a hide-covered altar of Uskayaw.
  3562 | D:4      | Reached XP level 7. HP: 58/58 MP: 6/6
  3640 | D:4      | Reached *** piety under Trog
  4139 | D:4      | Reached skill level 10 in Axes
  4281 | D:4      | Found an opulent altar of Gozag.
  4336 | D:5      | Entered Level 5 of the Dungeon
  4575 | D:5      | Reached skill level 11 in Axes
  4724 | D:5      | Reached XP level 8. HP: 66/66 MP: 7/7
  4954 | D:5      | Found a radiant altar of Vehumet.
  4954 | D:5      | Found an ancient bone altar of Kikubaaqudgha.
  4970 | D:5      | Noticed Blork the orc
  4993 | D:5      | Killed Blork the orc
  4993 | D:5      | Reached skill level 12 in Axes
  5009 | D:5      | Demolished by an ogre

Vault maps used:
D:1:      tarquinn_simple_flora_water_d, minmay_misc_feat_alley
D:2:      marbit_many_paths, first_bread, minmay_tetromino_t4, uniq_natasha,
          uniq_terence
D:3:      lemuel_zombie_altar_yredelemnul, ecumenical_altar_1,
          kennysheep_generic_room_5
D:4:      kennysheep_six_static_rooms, nicolae_overflow_crystal_walls,
          kennysheep_mini_moat, nicolae_gozag_cash_rules_everything_around_me,
          minmay_misc_feat_hallway
D:5:      grunt_temple_overflow_open, grunt_tough_drop, uniq_blork_the_orc

Skill      XL: |  1  2  3  4  5  6  7  8 |
---------------+-------------------------+-----
Axes           | 4 5 6 8 9 11 12 | 12.0
Fighting       | |  3.8
Armour         | |  2.7
Dodging        | |  2.2

Action                   |  1- 3 |  4- 6 |  7- 9 || total
-------------------------+-------+-------+-------++-------
Melee: Hand axe          |    51 |   135 |   152 ||   338
       Headbutt          |     5 |    37 |    29 ||    71
Invok: Berserk           |     2 |     2 |     3 ||     7
       Trog's Hand       |       |     3 |     1 ||     4
  Eat: Chunk             |     1 |    12 |     7 ||    20
Armor: Animal skin       |    14 |     5 |       ||    19
       Plate armour      |       |    62 |    90 ||   152
Dodge: Dodged            |    25 |    51 |    46 ||   122
Block: Buckler           |       |     5 |    20 ||    25
